 Dungeon Crawl Stone Soup version 0.24-a0-720-gbbc45b0 (webtiles) character file.

Game seed: 8133823194185727808, levelgen mode: deterministic

8085 DrKleor the Basher (level 11, 0/60 HPs)
             Began as a Gargoyle Fighter on Sept 30, 2019.
             Was a High Priest of Okawaru.
             Slain by an eight-headed hydra (6 damage)
             ... on level 9 of the Dungeon.
             The game lasted 00:17:15 (8872 turns).

DrKleor the Basher (Gargoyle Fighter)               Turns: 8872, Time: 00:17:17

Health: 0/60       AC: 22    Str: 22    XL:     11   Next: 25%
Magic:  16/18      EV: 12    Int: 10    God:    Okawaru [*****.]
Gold:   400        SH: 11    Dex: 12    Spells: 10/10 levels left

rFire    . . .     SeeInvis .   G - +3 scimitar (flame)
rCold    . . .     Gourm    .   c - +0 shield
rNeg     + . .     Faith    .   w - +4 ring mail {MR+}
rPois    ∞         Spirit   .   (no helmet)
rElec    +         Reflect  .   r - +2 cloak
rCorr    .         Harm     .   (no gloves)
MR       +....                  (no boots)
Stlth    ++........             (no amulet)
HPRegen  0.20/turn              F - +3 ring of dexterity
MPRegen  0.16/turn              (no ring)

@: heroism
A: negative energy resistance 1, electricity resistance, unbreathing,
petrification resistance, rot immunity, AC +8
a: Heroism, Finesse, Renounce Religion


You were on level 9 of the Dungeon.
You worshipped Okawaru.
Okawaru was extremely pleased with you.
You were not hungry.

You visited 2 branches of the dungeon, and saw 10 of its levels.

You collected 400 gold pieces.

Inventory:

Hand Weapons
 u - a +5 dire flail of protection
 E - a +2 demon whip of pain
 G - a +3 scimitar of flaming (weapon)
Armour
 c - a +0 shield (worn)
 r - a +2 cloak (worn)
 w - a +4 ring mail of magic resistance (worn)
Jewellery
 F - a +3 ring of dexterity (left hand)
Wands
 n - a wand of random effects (35)
Scrolls
 e - 4 scrolls of remove curse {unknown}
 g - a scroll of teleportation {unknown}
 h - 7 scrolls of identify {unknown}
 i - 5 scrolls of enchant armour {unknown}
 o - a scroll of enchant weapon {unknown}
 q - a scroll of magic mapping {unknown}
 x - 2 scrolls of blinking {unknown}
 y - a scroll of immolation {unknown}
 A - a scroll of fear {unknown}
 C - a scroll of random uselessness {unknown}
Potions
 a - a potion of brilliance {unknown}
 b - 2 potions of degeneration {unknown}
 d - 3 potions of might
 j - 2 potions of resistance {unknown}
 k - 2 potions of agility {unknown}
 l - 2 potions of mutation {unknown}
 m - 2 potions of ambrosia {unknown}
 p - a potion of lignification {unknown}
 s - 4 potions of curing {unknown}
 t - a potion of haste {unknown}
 v - 3 potions of heal wounds
 z - a potion of berserk rage {unknown}
 D - a potion of cancellation {unknown}
Comestibles
 f - 16 rations


   Skills:
 - Level 3.2(8.2) Fighting
 - Level 14.0(19.0) Maces & Flails
 - Level 3.2(8.2) Armour
 + Level 3.2(8.2) Shields
 - Level 10.0 Invocations


You had 10 spell levels left.
You didn't know any spells.
Your spell library contained the following spells:

 Spells                   Type           Power        Failure   Level  Hunger
 Confusing Touch          Hex            #.....       80%         1    ##.....
 Sandblast                Erth           #.....       80%         1    ##.....
 Summon Small Mammal      Summ           #...         80%         1    ##.....
 Call Imp                 Summ           #.......     90%         2    ###....
 Passwall                 Tmut/Erth      #.......     90%         2    ###....
 Call Canine Familiar     Summ           #.......     99%         3    ####...
 Confuse                  Hex            #.......     99%         3    ####...
 Gell's Gravitas          Tloc           #.........   99%         3    ####...
 Stone Arrow              Conj/Erth      #.....       99%         3    ####...
 Summon Guardian Golem    Hex/Summ       #.......     99%         3    ####...
 Petrify                  Tmut/Erth      #.......     100%        4    #####..
 Summon Ice Beast         Ice/Summ       #.......     100%        4    #####..
 Summon Lightning Spire   Summ/Air       #.......     100%        4    #####..
 Lee's Rapid Deconstruct  Erth           #.........   100%        5    ######.
 Metabolic Englaciation   Hex/Ice        #.........   100%        5    ######.
 Yara's Violent Unravell  Hex/Tmut       #.........   100%        5    ######.


Dungeon Overview and Level Annotations

Branches:
Dungeon (9/15)             Temple (1/1) D:4
   Lair: D:8-11         Orc: D:9-12

Altars:
Ashenzari
Cheibriados
Dithmenos
Elyvilon
Fedhas
Gozag
Hepliaklqana
Kikubaaqudgha
Makhleb
Nemelex Xobeh
Okawaru
Qazlal
Sif Muna
Trog
Uskayaw
Vehumet
Wu Jian
Xom
Yredelemnul
Zin
The Shining One

Annotations:
D:9 fabulooouuss's ghost, novice BaFi


Innate Abilities, Weirdness & Mutations

You are resistant to torment.
Your stone body is resilient. (AC +8)
You are immune to poison.
You resist negative energy. (rN+)
You are resistant to electric shocks. (rElec)
You can survive without breathing.
You are immune to petrification.
You are immune to rotting.


Message History

You hack one of the nine-headed hydra's heads off!
The flame cauterises the wound!
You slash the eight-headed hydra! You burn the eight-headed hydra.
The eight-headed hydra is moderately wounded.
The eight-headed hydra misses you.
You riposte.
You slice the eight-headed hydra!! You burn the eight-headed hydra.
The eight-headed hydra is severely wounded.
The eight-headed hydra bites you.
The eight-headed hydra bites you but does no damage.
The eight-headed hydra closely misses you.
The eight-headed hydra bites you.
* * * LOW HITPOINT WARNING * * *
The eight-headed hydra bites you!
* * * LOW HITPOINT WARNING * * *
The eight-headed hydra bites you but does no damage.
You block the eight-headed hydra's attack. x2
The eight-headed hydra barely misses you.
The eight-headed hydra bites you but does no damage.
The eight-headed hydra misses you. The eight-headed hydra bites you.
You die...

'#.......#####≈♣≈##..........#
_#.........##P....#.##....#..#
##.........#♣.....'....##....#
...........#♣).)..'...#......##
...#.......#......'...#.###...##
####.......##♣.!..#.....#...#..##
#........##♣≈♣##.......##.....
#.........#####D.#.....##.....
########..##.@DW.##...........
##.(..##...##.[........
#..)###........#......
#.#.##...#............
#.#.....##.####.......
#.##....##.# ###..... #..
.#.....# ##.#.. #.. ......# #...#
#. .##...# ........


You could see a nine-headed hydra, an eight-headed hydra and fabulooouuss's
ghost.

Vanquished Creatures
  Harold (D:9)
  Erica (D:9)
  Pikel (D:6)
  2 hippogriffs
  A spriggan (D:7)
  6 yaks
  A wyvern (D:9)
  Edmund (D:4)
  3 orc warriors
  2 ice beasts
  3 sky beasts
  A necrophage (D:8)
  2 black bears
  5 centaurs
  A phantom (D:7)
  7 ogres
  A crocodile (D:8)
  4 bullfrogs
  A gnoll sergeant (D:5)
  A wyvern zombie (D:8)
  A water moccasin skeleton (D:9)
  9 killer bees (D:8)
  2 howler monkeys (D:5)
  2 vampire bats (D:5)
  2 crimson imps (D:7)
  A centaur zombie (D:5)
  6 hounds
  Crazy Yiuf (D:2)
  A jelly (D:5)
  13 orc priests
  2 centaur skeletons
  A gnoll shaman (D:4)
  2 iguanas
  5 orc wizards
  8 worker ants
  2 worker ant zombies
  A hound skeleton (D:5)
  6 gnolls
  8 adders
  A howler monkey skeleton (D:8)
  2 shadow imps
  2 oozes
  2 adder zombies
  2 worms (D:3)
  2 dart slugs
  3 leopard geckos
  35 orcs
  9 bats
  5 giant cockroaches
  5 goblins
  5 hobgoblins
  8 kobolds
  2 quokkas
  6 frilled lizards
  A jackal skeleton (D:5)
  4 rats
  A withered plant (D:5)
213 creatures vanquished.

Vanquished Creatures (others)
  An orc (D:6)
1 creature vanquished.

Grand Total: 214 creatures vanquished

Notes
Turn   | Place    | Note
-------+----------+-------------------------------------------
     0 | D:1      | DrKleor the Gargoyle Fighter began the quest for the Orb.
     0 | D:1      | Reached XP level 1. HP: 14/14 MP: 1/1
   115 | D:1      | Reached XP level 2. HP: 19/19 MP: 2/2
   226 | D:1      | Reached skill level 3 in Maces & Flails
   890 | D:2      | Reached XP level 3. HP: 19/23 MP: 3/3
   991 | D:2      | Found a shimmering altar of Xom.
  1073 | D:2      | Found a glowing silver altar of Zin.
  1639 | D:2      | Found a runed translucent door.
  1640 | D:2      | Noticed Crazy Yiuf
  1776 | D:2      | Found a shimmering blue altar of Sif Muna.
  1898 | D:2      | Paralysed by Crazy Yiuf for 3 turns
  1906 | D:2      | HP: 1/23 [Crazy Yiuf/+4 quarterstaff of chaos (5)]
  1909 | D:2      | Killed Crazy Yiuf
  1909 | D:2      | Reached skill level 4 in Maces & Flails
  1909 | D:2      | Reached XP level 4. HP: 2/28 MP: 4/4
  2247 | D:3      | Found a bloodstained altar of Trog.
  2419 | D:3      | Reached skill level 5 in Maces & Flails
  2419 | D:3      | Reached XP level 5. HP: 26/32 MP: 5/5
  2743 | D:3      | Reached skill level 6 in Maces & Flails
  2901 | D:3      | Found a stormy altar of Qazlal.
  2987 | D:4      | Found a shadowy altar of Dithmenos.
  3002 | D:4      | Reached XP level 6. HP: 37/37 MP: 6/6
  3329 | D:4      | Found a burning altar of Makhleb.
  3465 | D:4      | Noticed Edmund
  3485 | D:4      | Killed Edmund
  3485 | D:4      | Reached skill level 7 in Maces & Flails
  3485 | D:4      | Reached XP level 7. HP: 17/41 MP: 7/7
  3875 | D:4      | Reached skill level 8 in Maces & Flails
  3911 | D:4      | Found a staircase to the Ecumenical Temple.
  3966 | Temple   | Entered the Ecumenical Temple
  4007 | Temple   | Became a worshipper of Warmaster Okawaru
  4094 | D:5      | Entered Level 5 of the Dungeon
  4257 | D:5      | Reached skill level 9 in Maces & Flails
  4257 | D:5      | Reached XP level 8. HP: 27/46 MP: 8/8
  4324 | D:5      | Reached * piety under Okawaru
  4564 | D:5      | Found an ancient bone altar of Kikubaaqudgha.
  4653 | D:5      | Found a sparkling altar of Nemelex Xobeh.
  4686 | D:5      | Reached skill level 10 in Maces & Flails
  5009 | D:5      | Reached ** piety under Okawaru
  5109 | D:5      | Found a glowing golden altar of the Shining One.
  5326 | D:6      | Reached skill level 11 in Maces & Flails
  5326 | D:6      | Reached XP level 9. HP: 42/51 MP: 9/9
  5519 | D:6      | Found a basalt altar of Yredelemnul.
  5580 | D:6      | Noticed Pikel
  5598 | D:6      | Killed Pikel
  5598 | D:6      | Reached *** piety under Okawaru
  5598 | D:6      | Reached skill level 12 in Maces & Flails
  6148 | D:7      | Reached skill level 13 in Maces & Flails
  6523 | D:7      | Reached XP level 10. HP: 51/56 MP: 10/10
  6535 | D:7      | Reached **** piety under Okawaru
  6894 | D:8      | Reached skill level 1 in Invocations
  6986 | D:8      | Reached skill level 14 in Maces & Flails
  7221 | D:8      | Found a radiant altar of Vehumet.
  7539 | D:8      | Reached ***** piety under Okawaru
  7540 | D:8      | Reached skill level 5 in Invocations
  7617 | D:8      | Found an opulent altar of Gozag.
  8266 | D:8      | Received a gift from Okawaru
  8537 | D:9      | Found a blossoming altar of Fedhas.
  8576 | D:9      | Noticed Harold
  8593 | D:9      | Reached XP level 11. HP: 49/60 MP: 17/17
  8606 | D:9      | Killed Harold
  8761 | D:9      | Found a runed translucent gate.
  8761 | D:9      | Found a runed translucent gate.
  8761 | D:9      | Found a runed translucent gate.
  8763 | D:9      | Noticed a nine-headed hydra
  8763 | D:9      | Noticed fabulooouuss's ghost (novice BaFi)
  8763 | D:9      | Noticed a ten-headed hydra
  8798 | D:9      | Noticed Erica
  8843 | D:9      | Killed Erica
  8843 | D:9      | Reached skill level 10 in Invocations
  8872 | D:9      | Slain by an eight-headed hydra

Levels and vault maps discovered:
D:1:      nicolae_arrival_somewhat_less_tricky_arrival, layout_basic,
          wad_floor_pattern_untrapped
D:2:      wad_lake_hut, layout_basic, xom_butterflies, led_sif_pool,
          zin_statuary, first_ration, uniq_crazy_yiuf_cottage
D:3:      layout_basic, bloody_trog, nicolae_qazlal_eye_of_the_storm
D:4:      layout_basic, nicolae_dithmenos_shadow_blocks,
          makhleb_blood_cavern_becter, minmay_temple_entry_gardened_gates,
          minmay_distorted, uniq_edmund
D:5:      layout_loops_ring, nicolae_overflow_crystal_walls,
          kiku_gazebo_garden_becter, roderic_batcave, tso_altar
D:6:      layout_cave_pools, lemuel_round_altar, uniq_pikel
D:7:      layout_loops_cross, minmay_misc_feat_pillars, the_bakery,
          dk_vineyard_2, nrook_loot_triangle, chequers_jeans
D:8:      layout_basic, grunt_gozag_breadcrumbs, old_standard_altar
D:9:      layout_rooms, nicolae_ru_path_of_blood, kennysheep_mini_moat,
          special_room [special_room_orc], gammafunk_ghost_hydra_chop,
          kennysheep_small_square, uniq_erica, uniq_harold
Temple:   jpeg_temple_island

Skill      XL: |  1  2  3  4  5  6  7  8  9 10 11 |
---------------+----------------------------------+-----
Maces & Flails | 3 4 5 6 7 9 11 13 14 | 14.0
Invocations    | 8 10 | 10.0
Fighting       | |  3.2
Armour         | |  3.2
Shields        | |  3.2

Action                   |  1- 3 |  4- 6 |  7- 9 | 10-12 || total
-------------------------+-------+-------+-------+-------++-------
Melee: Flail             |    91 |       |       |       ||    91
       Quarterstaff      |       |   138 |       |       ||   138
       Dire flail        |       |       |   274 |   204 ||   478
       Demon whip        |       |       |       |    66 ||    66
       Scimitar          |       |       |       |     2 ||     2
Invok: Heroism           |       |       |       |     2 ||     2
  Use: Potion            |     1 |     1 |       |       ||     2
 Stab: Paralysed         |       |     3 |       |       ||     3
  Eat: Chunk             |     1 |     4 |     8 |     9 ||    22
       Ration            |     1 |       |       |       ||     1
Armor: Scale mail        |    48 |    79 |       |       ||   127
       Ring mail         |       |       |   165 |   148 ||   313
Dodge: Dodged            |    23 |    54 |   125 |   109 ||   311
Block: Shield            |    42 |       |       |    17 ||    59
       Rpst.: Scimitar   |       |       |       |     2 ||     2

Table legend:
 A = Non-vault XP
 B = Vault XP
 C = Vault XP percentage of total XP
 D = Non-vault monster count
 E = Vault monster count
 F = Vault count percentage of total count
                 A         B        C        D         E       F
            +---------+---------+-------+---------+---------+-------
      Total |    8314 |    3236 |  28.0 |     196 |      16 |   7.5
            +---------+---------+-------+---------+---------+-------
        D:1 |      29 |       0 |   0.0 |      15 |       0 |   0.0
        D:2 |      39 |      42 |  51.9 |      10 |       1 |   9.1
        D:3 |     200 |       0 |   0.0 |      28 |       0 |   0.0
        D:4 |     334 |     238 |  41.6 |      20 |       3 |  13.0
        D:5 |    1158 |     120 |   9.4 |      37 |       8 |  17.8
        D:6 |    1034 |     685 |  39.8 |      14 |       1 |   6.7
        D:7 |    1325 |     220 |  14.2 |      22 |       1 |   4.3
        D:8 |    3510 |       0 |   0.0 |      41 |       0 |   0.0
        D:9 |     685 |    1931 |  73.8 |       9 |       2 |  18.2
            +---------+---------+-------+---------+---------+-------
